 Dungeon Crawl Stone Soup version 0.30-a0-867-g305f33218d (webtiles) character file.

Game seed: 10236995832655069263

235 Pimp the Insei (level 6, 0/41 HPs)
             Began as an Octopode Transmuter on Mar 10, 2023.
             Slain by Pikel
             ... wielding a +1 whip of flaming
              (5 damage)
             ... on level 4 of the Dungeon.
             The game lasted 00:09:52 (3503 turns).

Pimp the Insei (Octopode Transmuter)                Turns: 3503, Time: 00:09:52

Health: 0/41       AC:  1    Str: 10    XL:     6   Next: 5%
Magic:  8/10       EV: 13    Int: 17    God:
Gold:   128        SH:  0    Dex: 12    Spells: 6/11 levels left

rFire   . . .      SeeInvis .      - Unarmed
rCold   . . .      Faith    .    (no shield)
rNeg    . . .      Spirit   .    (helmet restricted)
rPois   .          Reflect  .    (no amulet)
rElec   .          Rampage  .    c - ring of flight
rCorr   .                        (no ring)
Will    .....                    (no ring)
Stlth   +++                      (no ring)
HPRegen 0.26/turn                (no ring)
MPRegen 0.12/turn                (no ring)
                                 (no ring)
                                 (no ring)

@: flying, very slightly contaminated, invisible
A: almost no armour, amphibious, 8 rings, camouflage 1, gelatinous body 1,
(nimble swimmer 1), tentacles
a: no special abilities


You were on level 4 of the Dungeon.
You visited 1 branch of the dungeon, and saw 4 of its levels.

You collected 128 gold pieces.

Inventory:

Hand Weapons
 f - the +0 mace of Malaise {heavy, rPois Dex+3}
   (You found it on level 3 of the Dungeon)

   Dex:       It affects your dexterity (+3).
   rPois:     It protects you from poison.
Missiles
 h - a throwing net
Jewellery
 c - a ring of flight (left tentacle)
Wands
 a - a wand of paralysis (12)
Scrolls
 e - 2 scrolls of teleportation
 g - a scroll of fog
 i - a scroll of silence {unknown}
Potions
 b - a potion of curing


   Skills:
 + Level 2.4 Fighting
 + Level 3.0 Dodging
 + Level 2.8 Stealth
 + Level 3.6 Unarmed Combat
 * Level 3.0 Spellcasting
 + Level 2.8 Transmutations
 * Level 1.3 Poison Magic


You had 6 spell levels left.
You knew the following spells:

 Your Spells              Type           Power      Damage    Failure   Level
a - Beastly Appendage     Tmut           24%        N/A       5%          1
b - Spider Form           Tmut/Pois      9%         N/A       22%         3
c - Sting                 Tmut/Pois      36%        1d4       8%          1

Your spell library contained the following spells:

 Spells                   Type           Power      Damage    Failure   Level
 Wereblood                Tmut           12%        N/A       9%          2
 Shock                    Conj/Air       8%         1d3       17%         1
 Poisonous Vapours        Pois/Air       8%         N/A       21%         2
 Swiftness                Air            2%         N/A       45%         3
 Ice Form                 Ice/Tmut       7%         N/A       67%         4
 Olgreb's Toxic Radiance  Pois           7%         N/A       69%         4
 Airstrike                Air            1%         2d(1-17)  86%         4


Dungeon Overview and Level Annotations

Branches:
Dungeon (4/15)
 Temple: D:4-7

Altars:
Hepliaklqana

Shops:
D:4 ?

Annotations:
D:4 Pikel


Innate Abilities, Weirdness & Mutations

You cannot wear most types of armour.
You are amphibious.
You can wear up to eight rings at the same time.
Your skin changes colour to match your surroundings (Stealth+).
Your rubbery body absorbs attacks. (AC +1, EV +1)
((You are camouflaged when in or above water. (Stealth+)))
You have tentacles for arms and can constrict up to eight enemies at once.


Message History

You miss Pikel. You grab Pikel. You squeeze Pikel, but do no damage.
Pikel is moderately wounded.
You constrict Pikel, but do no damage. Pikel barely misses you.
You tentacle-slap Pikel but do no damage.
You squeeze Pikel.
Pikel is moderately wounded.
You constrict Pikel. You barely miss Pikel.
Pikel is heavily wounded.
You constrict Pikel, but do no damage.
Pikel hits you with a +1 whip of flaming!
* * * LOW HITPOINT WARNING * * *
Pikel burns you.
* * * LOW HITPOINT WARNING * * *
You tentacle-slap Pikel but do no damage.
You tentacle-slap Pikel, but do no damage.
Pikel is heavily wounded.
You constrict Pikel, but do no damage. Pikel closely misses you.
Unknown command.
You tentacle-slap Pikel but do no damage.
Pikel is heavily wounded.
You constrict Pikel. Pikel barely misses you.
You tentacle-slap Pikel but do no damage.
You squeeze Pikel.
Pikel is heavily wounded.
You constrict Pikel.
Pikel struggles to escape constriction.
You tentacle-slap Pikel but do no damage.
Your squeeze misses Pikel.
Pikel is severely wounded.
You constrict Pikel.
Pikel hits you with a +1 whip of flaming.
* * * LOW HITPOINT WARNING * * *
Pikel burns you.
* * * LOW HITPOINT WARNING * * *
You tentacle-slap Pikel but do no damage.
You squeeze Pikel!
Pikel is almost dead.
You constrict Pikel.
Pikel hits you with a +1 whip of flaming.
You die...

.....>..................
.######.[....................
.......<.................####
#####8#.#8.##################
#............. ........
#).<.∩.>.##### ########
#........# #.#######.......
#.#8###8.###.........#.....
#.#.# #...@#.#########.####
#.#.# #....K...# #.# #
#.#.###.....##.# #.# #
###.#K.........#.# #.# #
#..............# # #.# #
#..............# #.# #
#............#.# #.# #
#............#.# ..#
#............#.#


You could see Pikel (unable to see you).

Vanquished Creatures
  4 lemures (D:4)
  An orc priest (D:4)
  An iguana (D:3)
  2 orc wizards (D:3)
  3 adders
  An ufetubus (D:4)
  2 worms
  2 dart slugs
  12 orcs
  8 bats
  4 endoplasms
  2 giant cockroaches
  6 goblins
  9 hobgoblins
  6 kobolds
  4 quokkas
  3 ball pythons
  2 frilled lizards (D:1)
  7 rats
79 creatures vanquished.

Notes
Turn   | Place    | Note
-------+----------+-------------------------------------------
     0 | D:1      | Pimp the Octopode Transmuter began the quest for the Orb.
     0 | D:1      | Reached XP level 1. HP: 13/13 MP: 3/3
    97 | D:1      | Reached XP level 2. HP: 4/18 MP: 5/5
   660 | D:1      | Reached XP level 3. HP: 15/23 MP: 6/6
   710 | D:1      | Reached skill level 1 in Stealth
  1593 | D:2      | Learned a level 3 spell: Spider Form
  1759 | D:3      | Reached XP level 4. HP: 26/29 MP: 7/7
  1811 | D:3      | HP: 1/29 [iguana (11)]
  1931 | D:3      | Found a faded altar of an unknown god.
  2162 | D:3      | Learned a level 1 spell: Sting
  2187 | D:3      | Reached XP level 5. HP: 32/34 MP: 8/8
  2336 | D:3      | Identified the +0 mace of Malaise {heavy, rPois Dex+3}
  2528 | D:3      | Identified the +2 leather armour of Too Many Cooks {Harm
                  | +Blink Int+3}
  2660 | D:3      | Found a hazy altar of Hepliaklqana.
  2734 | D:4      | Found Yriusu's Magic Scroll Shoppe.
  2779 | D:3      | Reached skill level 1 in Poison Magic
  2941 | D:4      | Noticed a lemure
  2942 | D:4      | Noticed a lemure
  2942 | D:4      | Noticed a lemure
  2944 | D:4      | Noticed a lemure
  2945 | D:4      | Noticed Pikel
  2986 | D:4      | Killed a lemure
  2992 | D:4      | Killed a lemure
  2998 | D:4      | Killed a lemure
  3079 | D:4      | Killed a lemure
  3425 | D:4      | Reached XP level 6. HP: 34/40 MP: 6/10
  3503 | D:4      | Slain by Pikel

Illustrated notes

Levels and vault maps discovered:
D:1:      dpeg_cavernosity, layout_basic, chequers_serial_rivers_large_a
D:2:      layout_basic
D:3:      minmay_inner_zag, layout_rooms, nicolae_hepliaklqana_hippocampus,
          hellmonk_ecumenical_altar_zigzags, skrybe_limestone_x,
          kennysheep_generic_room_7
D:4:      layout_basic, nicolae_stop_n_shop_2, uniq_pikel, uniq_ijyb

Skill      XL: |  1  2  3  4  5 |
---------------+----------------+-----
Stealth        | 1 2 |  2.8
Fighting       | 2 |  2.4
Poison Magic   | 1 |  1.3
Dodging        | 3 |  3.0
Spellcasting   | 3 |  3.0
Unarmed Combat | |  3.6
Transmutations | |  2.8

Action                     |  1- 3 |  4- 6 || total
---------------------------+-------+-------++-------
  Melee: Unarmed           |    93 |   137 ||   230
         Constrict         |    31 |    15 ||    46
         Tentacles         |    20 |    19 ||    39
         Punch             |     1 |     4 ||     5
   Cast: Beastly Appendage |     1 |       ||     1
         Spider Form       |       |     7 ||     7
    Use: Scroll            |       |     6 ||     6
         Potion            |       |     4 ||     4
   Stab: Sleeping          |    11 |       ||    11
 Armour: Skin              |    13 |    11 ||    24
  Dodge: Dodged            |    66 |   111 ||   177

Table legend: (Time is in decaauts)
 A = Elapsed time spent in this place.
 B = Non-inter-level travel time spent in this place.
 C = Inter-level travel time spent in this place.
 D = Time resting spent in this place.
 E = Time spent auto-exploring this place.
 F = Levels seen in this place.
 G = Mean time per level.
                   A        B        C        D        E       F      G
               +--------+--------+--------+--------+--------+-----+--------+
         Total |   3491 |   3323 |    168 |    720 |   1884 |   4 |  872.8 |
       Dungeon |   3491 |   3323 |    168 |    720 |   1884 |   4 |  872.8 |
               +--------+--------+--------+--------+--------+-----+--------+

Top non-repeatable levels by time:
     D:3: 1286 daAuts
     D:1: 1010 daAuts
     D:2: 706 daAuts
     D:4: 487 daAuts
